 Dungeon Crawl Stone Soup version 0.28.0-45-g0d030f2227 (webtiles) character file.

Game seed: 8209664755520721878

279 pkoi the Chiller (level 5, 0/38 HPs)
             Began as a Demigod Ice Elementalist on Apr 22, 2022.
             Slain by a bullfrog (7 damage)
             ... on level 3 of the Dungeon.
             The game lasted 00:04:36 (3722 turns).

pkoi the Chiller (Demigod Ice Elementalist)         Turns: 3722, Time: 00:04:37

Health: 0/38       AC:  2    Str:  9    XL:     5   Next: 75%
Magic:  7/10       EV: 16    Int: 21    God:
Gold:   105        SH:  0    Dex: 14    Spells: 3/7 levels left

rFire   . . .      SeeInvis .   n - staff of conjuration
rCold   . . .      Faith    .   (no shield)
rNeg    . . .      Spirit   .   a - +0 robe
rPois   .          Reflect  .   (no helmet)
rElec   .          Harm     .   (no cloak)
rCorr   .          Rampage  .   (no gloves)
Will    .....                   (no boots)
Stlth   ++........              (no amulet)
HPRegen 0.12/turn               c - +4 ring of evasion
MPRegen 0.12/turn               (no ring)

@: no status effects
A: high MP 1, forlorn, divine attributes
a: no special abilities


You were on level 3 of the Dungeon.
You visited 1 branch of the dungeon, and saw 4 of its levels.

You collected 105 gold pieces.

Inventory:

Hand Weapons
 d - a +0 short sword
 f - a +0 dagger of freezing
Missiles
 o - a throwing net
Armour
 a - a +0 robe (worn)
Magical Staves
 n - a staff of conjuration (weapon)
Jewellery
 c - a +4 ring of evasion (left hand)
 m - a +6 ring of intelligence
Wands
 j - a wand of paralysis (6)
Scrolls
 e - a scroll of summoning {unknown}
 g - 3 scrolls of magic mapping {unknown}
 h - a scroll of identify
 p - 2 scrolls of vulnerability {unknown}
Potions
 b - a potion of cancellation {unknown}
 i - a potion of haste {unknown}
 k - a potion of flight {unknown}
 l - 2 potions of magic {unknown}


   Skills:
 - Level 1.7 Dodging
 - Level 1.7 Stealth
 - Level 1.7 Spellcasting
 + Level 6.7 Ice Magic


You had 3 spell levels left.
You knew the following spells:

 Your Spells              Type           Power      Damage    Failure   Level
a - Freeze                Ice            100%       1d11      1%          1
b - Frozen Ramparts       Ice            60%        1d8       2%          3

Your spell library contained the following spells:

 Spells                   Type           Power      Damage    Failure   Level
 Ozocubu's Armour         Ice            30%        N/A       2%          3
 Gell's Gravitas          Tloc           1%         N/A       41%         3
 Lesser Beckoning         Tloc           1%         N/A       41%         3
 Teleport Other           Tloc           1%         N/A       41%         3
 Hailstorm                Conj/Ice       24%        3d7       36%         4


Dungeon Overview and Level Annotations

Branches:
Dungeon (4/15)
 Temple: D:4-7


Innate Abilities, Weirdness & Mutations

You have an increased reservoir of magic. (+10% MP)
You shall have no god before yourself.
Your divine heritage dramatically boosts your attributes as you level up.


Message History

The ball python misses you.
You climb upwards.
There is a stone staircase leading down here.
Unknown command.
The gnoll completely misses you. The ball python closely misses you. x2
The gnoll hits you with a +0 club.
* * * LOW HITPOINT WARNING * * *
The bullfrog hits you.
* * * LOW HITPOINT WARNING * * *
The ball python barely misses you. The ball python closely misses you.
The gnoll hits you with a +0 club.
* * * LOW HITPOINT WARNING * * *
The bullfrog hits you.
* * * LOW HITPOINT WARNING * * *
The ball python barely misses you. The ball python misses you.
Aiming: Freeze (safe; 1% risk of failure)
Press: ? - help, Q - select action, (/) - cycle Shift-Dir - straight line, f - bullfrog
Aim: a bullfrog You freeze the bullfrog!
The bullfrog is heavily wounded.
The bullfrog hits you.
* * * LOW HITPOINT WARNING * * *
The bullfrog closely misses you.
Aiming: Freeze (safe; 1% risk of failure)
Press: ? - help, Q - select action, (/) - cycle Shift-Dir - straight line, f/p - bullfrog
Aim: a bullfrog (heavily wounded)
You freeze the bullfrog.
The bullfrog is heavily wounded.
The bullfrog seems to slow down.
The bullfrog hits you.
* * * LOW HITPOINT WARNING * * *
Aiming: Freeze (safe; 1% risk of failure)
Press: ? - help, Q - select action, (/) - cycle Shift-Dir - straight line, f/p - bullfrog
Aim: a bullfrog (heavily wounded, slow)
You freeze the bullfrog!
The bullfrog is almost dead.
The bullfrog is no longer moving slowly.
The bullfrog swells and bulges.
The bullfrog hits you!
You die...

######### #.......#
#.......# #...)>..#
#.......#
#>.>....#######
#.............##
####g.......####..)
#.@FS........######
#.##.......#.......
#............######
#..####.####.#.....
#..#.......#.#.####
#(.#.......#...#
#..#.......#.### ##
#......_...^.# #.
#..#.......#.# #.


You could see a bullfrog, a gnoll and a ball python.

Vanquished Creatures
  Sigmund (D:2)
  4 adders
  4 gnolls (D:3)
  A worm (D:3)
  2 dart slugs
  7 ball pythons
  4 bats
  4 endoplasms
  A giant cockroach (D:3)
  7 goblins
  8 hobgoblins
  2 jackals (D:2)
  3 kobolds
  3 quokkas
  3 frilled lizards
  9 rats
63 creatures vanquished.

Notes
Turn   | Place    | Note
-------+----------+-------------------------------------------
     0 | D:1      | pkoi the Demigod Ice Elementalist began the quest for the
                  | Orb.
     0 | D:1      | Reached XP level 1. HP: 14/14 MP: 5/5
   535 | D:1      | Reached skill level 4 in Ice Magic
   738 | D:1      | Reached XP level 2. HP: 20/20 MP: 5/7
  1629 | D:2      | Reached XP level 3. HP: 13/26 MP: 1/8
  1894 | D:2      | Learned a level 3 spell: Frozen Ramparts
  2396 | D:2      | Reached skill level 5 in Ice Magic
  2424 | D:2      | Noticed Sigmund
  2431 | D:2      | Killed Sigmund
  2432 | D:2      | Reached skill level 6 in Ice Magic
  2432 | D:2      | Reached XP level 4. HP: 23/33 MP: 3/9
  2432 | D:2      | Reached XP level 5. HP: 26/38 MP: 3/10
  3722 | D:3      | Slain by a bullfrog

Illustrated notes

Levels and vault maps discovered:
D:1:      dpeg_arrival_radiant, layout_rooms, minmay_stone_trees_small
D:2:      layout_basic, uniq_sigmund
D:3:      layout_rooms, lemuel_tele_altar
D:4:      layout_cave_pools, minmay_temple_entry_glass,
          chequers_serial_rivers_micro_c, uniq_edmund

Skill      XL: |  1  2  3 |
---------------+----------+-----
Ice Magic      | 4 6 |  6.7
Dodging        | |  1.7
Stealth        | |  1.7
Spellcasting   | |  1.7

Action                   |  1- 3 |  4- 6 || total
-------------------------+-------+-------++-------
Melee: Short sword       |     2 |       ||     2
       Unarmed           |     1 |       ||     1
       Dagger            |    16 |     7 ||    23
       Staff             |       |     7 ||     7
       Punch             |       |     2 ||     2
 Cast: Freeze            |    61 |    37 ||    98
  Use: Scroll            |     3 |       ||     3
Armor: Robe              |     8 |     4 ||    12
Dodge: Dodged            |    55 |    52 ||   107
